 Dungeon Crawl Stone Soup version 0.28.0-1-gb440e238dd (webtiles) character file.

Game seed: 12983167800206006269

293 horus123 the Slasher (level 6, -8/52 HPs)
             Began as a Draconian Gladiator on Feb 19, 2022.
             Was an Initiate of Makhleb.
             Killed by divine providence
             ... invoked by an orc priest
              (12 damage)
             ... on level 4 of the Dungeon.
             The game lasted 00:05:35 (3618 turns).

horus123 the Slasher (Draconian Gladiator)          Turns: 3618, Time: 00:05:35

Health: -8/52      AC:  6    Str: 18    XL:     6   Next: 11%
Magic:  6/6        EV: 12    Int:  9    God:    Makhleb [......]
Gold:   143        SH:  0    Dex: 12    Spells: 5/5 levels left

rFire   . . .      SeeInvis .   a - +0 long sword
rCold   . . .      Faith    .   (no shield)
rNeg    . . .      Spirit   .   (armour unavailable)
rPois   .          Reflect  .   b - +0 hat
rElec   .          Harm     .   (no cloak)
rCorr   .          Rampage  .   (no gloves)
Will    .....                   (no boots)
Stlth   +.........              m - amulet of regeneration
HPRegen 0.97/turn               (no ring)
MPRegen 0.10/turn               (no ring)

@: no status effects
A: AC +6, unfitting armour, cold-blooded
a: Renounce Religion


You were on level 4 of the Dungeon.
You worshipped Makhleb.
Makhleb was noncommittal.
You visited 1 branch of the dungeon, and saw 4 of its levels.

You collected 143 gold pieces.

Inventory:

Hand Weapons
 a - a +0 long sword (weapon)
 i - the +3 hunting sling "Feza" {flame, rF+ rN+}
   (You took it off a hobgoblin on level 2 of the Dungeon)

   Any ammunition fired from it burns those it strikes, dealing additional fire
   damage.
   rF:        It protects you from fire.
   rN:        It protects you from negative energy.
Missiles
 c - 3 throwing nets (quivered)
 k - 9 stones
 p - 4 curare-tipped darts
Armour
 b - a +0 hat (worn)
Jewellery
 m - an amulet of regeneration (around neck)
Potions
 e - a potion of flight {unknown}
 f - a potion of haste {unknown}
 j - a potion of might {unknown}
 l - 2 potions of attraction {unknown}


   Skills:
 - Level 4.0 Fighting
 - Level 5.0 Long Blades
 + Level 3.0(3.2) Slings
 - Level 1.7(2.6) Throwing
 - Level 2.6 Dodging


You had 5 spell levels left.
You didn't know any spells.
Your spell library contained the following spells:

 Spells                   Type           Power      Damage    Failure   Level
 Beastly Appendage        Tmut           0%         N/A       38%         1
 Wereblood                Tmut           0%         N/A       52%         2
 Spider Form              Tmut/Pois      0%         N/A       77%         3


Dungeon Overview and Level Annotations

Branches:
Dungeon (4/15)
 Temple: D:4-7

Altars:
Makhleb


Innate Abilities, Weirdness & Mutations

Your plain brown scales are hard. (AC +6)
You cannot fit into any form of body armour.
You are cold-blooded and may be slowed by cold attacks.


Message History

The orc priest looks satisfied for a moment.
The orc hits you with a +0 club.
* * * LOW HITPOINT WARNING * * *
Unknown command.
You miss something. Something hits you but does no damage.
The orc hits you but does no damage.
You closely miss something.
Your tail-slap misses something.
Something hits you but does no damage. The orc hits you but does no damage.
You closely miss something. Something hits you but does no damage.
The orc barely misses you.
You hit something. Something hits you but does no damage.
The orc hits you with a +0 club.
You closely miss something.
You hear some strange, mumbled words.
You are confused.
The orc hits you with a +0 club. Something hits you but does no damage.
Unknown command.
You bump into the stone wall.
The orc closely misses you. The orc hits you with a +0 club.
An orc wizard appears from thin air!
Reactivating autopickup.
The orc wizard casts a spell at you. The puff of flame hits you!
* * * LOW HITPOINT WARNING * * *
There is an open door here.
The orc wizard casts a spell.
The orc wizard flickers and vanishes!
Deactivating autopickup; reactivate with Ctrl-A.
You feel less confused.
The orc priest mumbles some strange prayers to Beogh against you.
Something writhes in agony.
Reactivating autopickup.
You feel a bit more experienced.
Your Slings skill increases to level 3!
The orc priest invokes the aid of Beogh against you.
Beogh smites you!
* * * LOW HITPOINT WARNING * * *
The orc priest invokes the aid of Beogh against you.
Beogh smites you!
You die...

#...# +...# ## #...#
+.. +...# #.#######...#
##....#..)...# .
......#..#oo.#######...
#....#............#
##...+...@..†.....#
##.##............#
#)##............#
#.############### #.#
..# ..# .## .#


You could see an orc priest and an orc.

Vanquished Creatures
  An ogre (D:3)
  The ghost of Almightybob the Skirmisher, an amateur DsCK of Xom (D:3)
  5 adders (D:3)
  3 dart slugs
  An orc (D:4)
  4 ball pythons
  3 bats
  7 endoplasms
  3 goblins (D:1)
  7 hobgoblins
  3 jackals (D:2)
  2 quokkas
  5 frilled lizards
  6 kobolds
  7 rats
58 creatures vanquished.

Vanquished Creatures (others)
  An orc wizard (D:4)
  43 plants (D:1)
44 creatures vanquished.

Grand Total: 102 creatures vanquished

Notes
Turn   | Place    | Note
-------+----------+-------------------------------------------
     0 | D:1      | horus123 the Draconian Gladiator began the quest for the
                  | Orb.
     0 | D:1      | Reached XP level 1. HP: 17/17 MP: 1/1
   400 | D:1      | Reached XP level 2. HP: 22/26 MP: 2/2
   992 | D:2      | Reached XP level 3. HP: 18/33 MP: 3/3
  1157 | D:2      | Identified the +3 hunting sling "Feza" {flame, rF+ rN+}
  1864 | D:3      | Found a runed translucent gate.
  1864 | D:3      | Found a runed translucent gate.
  1877 | D:3      | Found a runed translucent gate.
  1877 | D:3      | Noticed Almightybob's ghost (amateur DsCK)
  1956 | D:3      | Found a faded altar of an unknown god.
  1964 | D:3      | Noticed an ogre
  1974 | D:3      | Killed an ogre
  1975 | D:3      | Reached skill level 4 in Long Blades
  1975 | D:3      | Reached XP level 4. HP: 10/40 MP: 4/4
  1975 | D:3      | Reached XP level 5. HP: 12/46 MP: 5/5
  2337 | D:3      | Reached skill level 5 in Long Blades
  2533 | D:3      | Found a burning altar of Makhleb.
  2533 | D:3      | Noticed a cacodemon
  2709 | D:3      | Noticed a smoke demon
  2709 | D:3      | Noticed a smoke demon
  2711 | D:3      | Became a worshipper of Makhleb the Destroyer
  2922 | D:3      | Reached skill level 1 in Slings
  3218 | D:3      | Killed Almightybob's ghost
  3219 | D:3      | Reached XP level 6. HP: 21/52 MP: 6/6
  3618 | D:4      | Killed from afar by an orc priest

Illustrated notes

Levels and vault maps discovered:
D:1:      roderic_crop_circles_arrival_small, layout_rooms
D:2:      layout_loops_ring
D:3:      minmay_wonky_spiral, layout_loops_ring, makhleb_altar_promises_db,
          ebering_ecumenical_altar_abandoned, gammafunk_ghost_split
D:4:      layout_basic, nicolae_tso_carved_into_rock, kennysheep_mini,
          gammafunk_temple_overflow_claw, minmay_temple_entry_mist

Skill      XL: |  1  2  3  4  5  6 |
---------------+-------------------+-----
Fighting       | 3 4 |  4.0
Long Blades    | 4 5 |  5.0
Slings         | 2 3 |  3.0
Throwing       | |  1.7
Dodging        | |  2.6

Action                   |  1- 3 |  4- 6 || total
-------------------------+-------+-------++-------
Melee: Long sword        |   125 |    68 ||   193
       Tailslap          |    13 |     2 ||    15
       Punch             |     1 |     1 ||     2
 Fire: Hunting sling     |       |     4 ||     4
  Use: Scroll            |     3 |     4 ||     7
       Potion            |     1 |     1 ||     2
 Stab: Sleeping          |     2 |       ||     2
Armor: Skin              |    62 |    28 ||    90
Dodge: Dodged            |    96 |    36 ||   132
